 Dungeon Crawl Stone Soup version 0.18-a0-1642-g3ae59fa (webtiles) character file.

49 Manintree the Cutter (level 3, -10/28 HPs)
             Began as a Draconian Artificer on Mar 27, 2016.
             Killed themself with a badly aimed iceblast (20 damage)
             ... on level 2 of the Dungeon.
             The game lasted 00:02:37 (1090 turns).

Manintree the Cutter (Draconian Artificer)          Turns: 1090, Time: 00:02:38

Health: -10/28     AC:  5    Str: 13    XL:     3   Next: 53%
Magic:  5/5        EV: 12    Int: 13    God:
Gold:   51         SH:  0    Dex: 11    Spells: 0 memorised, 2 levels left

rFire  . . .     SeeInvis .     a - +0 short sword
rCold  . . .     Gourm    .     (armour unavailable)
rNeg   . . .     Faith    .     (no shield)
rPois  .         Spirit   .     (helmet restricted)
rElec  .         Dismiss  .     (no cloak)
rCorr  .         Reflect  .     (no gloves)
SustAt .         Harm     .     (no boots)
MR     .....                    (no amulet)
Stlth  +.........               (no ring)
                                (no ring)

@: not resistant to hostile enchantments, very unstealthy
A: unfitting armour, cold-blooded, AC +5
a: no special abilities


You were on level 2 of the Dungeon.
You were hungry.

You visited 1 branch of the dungeon, and saw 2 of its levels.

You collected 51 gold pieces.

Inventory:

Hand Weapons
 a - a +0 short sword (weapon)
Wands
 b - a wand of flame (0/48)
 c - a wand of enslavement (15/24)
 d - a wand of random effects (15/48)
Potions
 i - a potion of mutation {unknown}
Comestibles
 f - a bread ration
 g - a meat ration
 h - a beef jerky


   Skills:
 - Level 1.1 Fighting
 + Level 3.5 Short Blades
 - Level 1.7 Dodging
 - Level 0.8 Stealth
 - Level 3.0 Evocations


You had 2 spell levels left.
You didn't know any spells.

Dungeon Overview and Level Annotations

Branches:
Dungeon (2/15)

Altars:


Innate Abilities, Weirdness & Mutations

Your plain brown scales are hard (AC +5).
Your body does not fit into most forms of armour.
You are cold-blooded and may be slowed by cold attacks.


Message History

(m)acro, (M)acro raw, keymap [(k) default, (x) level-map, (t)argeting, (c)onfirm, m(e)nu], (s)ave?
Input macro trigger key: / Current Action: Vb.
Do you wish to (r)edefine, (c)lear, or (a)bort?
Input macro action: Vd.
Created macro '/' => 'Vd.'.
Evoke which item? (* to show all) (? for menu, Esc to quit)
Zapping:
d - a wand of random effects (15/48)
Press: ? - help, Shift-Dir - straight line, f/p - Terence
Aim: Terence, wielding a flail and wearing a chain mail (severely wounded)
The mass of ice explodes!
The iceblast engulfs Terence.
You kill Terence!
Your Short Blades skill increases to level 3!
You have reached level 3!
Your experience leads to an increase in your attributes!
Increase (S)trength, (I)ntelligence, or (D)exterity?
You feel clever.
Your scales feel tougher.
The iceblast engulfs you!
Ouch! That really hurt!
You die...

.........#
.........####
#..........#
#..........#####.
#..........†.....
#.....>....######
#..........#
###########....).<...#
.........)@..........#
.######†##...........#
##..)##..#####.###
#..$..#### #..#
#.8...8.# ##..#
#.#.....#.# #..#
#...8...8...# #.#
+.....[.....+
#...8...8...#.#####.#


There were no monsters in sight!

Vanquished Creatures
  Terence (D:2)
  A dart slug (D:1)
  A giant gecko (D:1)
  2 goblins (D:1)
  4 hobgoblins
  A bat (D:1)
  6 giant newts
  3 kobolds (D:1)
  4 rats
23 creatures vanquished.

Notes
Turn   | Place    | Note
--------------------------------------------------------------
     0 | D:1      | Manintree the Draconian Artificer began the quest for the Orb.
     0 | D:1      | Reached XP level 1. HP: 16/16 MP: 3/3
   341 | D:1      | Reached XP level 2. HP: 14/23 MP: 4/4
   809 | D:1      | You fall through a shaft!
  1060 | D:2      | Noticed Terence
  1085 | D:2      | HP: 1/23 [Terence/flail (4)]
  1090 | D:2      | Killed Terence
  1090 | D:2      | Reached XP level 3. HP: 10/28 MP: 5/5
  1090 | D:2      | Killed themself with a badly aimed iceblast

Vault maps used:
D:1:      sevenhm_arrival_forest_fort_small_5, minmay_newt_pond
D:2:      ecumenical_altar_1, dk_noncrumbling_3, columned_hall_lemuel,
          nicolae_tso_swordbearing_angel, uniq_terence

Skill      XL: |  1  2 |
---------------+-------+-----
Short Blades   | 2 3 |  3.5
Fighting       | |  1.1
Dodging        | |  1.7
Stealth        | |  0.8
Evocations     | |  3.0

Action                   || total
-------------------------++-------
Melee: Short sword       ||    62
Evoke: Wand              ||    15
  Use: Potion            ||     1
 Stab: Distracted        ||     1
       Sleeping          ||     1
